 Dungeon Crawl Stone Soup version 0.18.1-8-gdd0e5ea (console) character file.

99 Kloppie the Skirmisher (level 4, 0/40 HPs)
             Began as a Draconian Skald on June 7, 2016.
             Succumbed to an orc's poison
             ... on level 3 of the Dungeon.
             The game lasted 00:03:36 (1949 turns).

Kloppie the Skirmisher (Draconian Skald)            Turns: 1949, Time: 00:03:37

Health: 0/40       AC:  5    Str: 14    XL:     4   Next: 45%
Magic:  5/7        EV: 18    Int: 17    God:
Gold:   48         SH:  0    Dex: 17    Spells: 1 memorised, 6 levels left

rFire  . . .     SeeInvis .     a - +0 hand axe
rCold  . . .     Gourm    .     (armour unavailable)
rNeg   . . .     Faith    .     (no shield)
rPois  .         Spirit   .     (helmet restricted)
rElec  .         Dismiss  .     (no cloak)
rCorr  .         Reflect  .     (no gloves)
SustAt .         Harm     +     (no boots)
MR     .....                    g - amulet of harm
Stlth  +++.......               (no ring)
                                (no ring)

@: brilliant, agile, lethally poisoned (0 -> -7), infused, not resistant to
hostile enchantments, fairly stealthy
A: unfitting armour, cold-blooded, AC +5
a: no special abilities


You were on level 3 of the Dungeon.
You were hungry.

You visited 1 branch of the dungeon, and saw 3 of its levels.

You collected 48 gold pieces.

Inventory:

Hand Weapons
 a - a +0 hand axe (weapon)
Jewellery
 g - an amulet of harm (around neck)
Scrolls
 d - 2 scrolls of identify {unknown}
 f - 4 scrolls of remove curse {unknown}
 n - a scroll of random uselessness {unknown}
Books
 b - a book of Battle

   Spells                             Type                      Level
   a - Infusion                       Charms                       1
   b - Shroud of Golubria             Charms/Translocation         2
   c - Song of Slaying                Charms                       2
   d - Spectral Weapon                Hexes/Charms                 3
   e - Regeneration                   Charms/Necromancy            3
 m - a book of Dreams

   Spells                             Type                      Level
   a - Ensorcelled Hibernation        Hexes/Ice                    2
   b - Silence                        Hexes/Air                    5
   c - Darkness                       Hexes                        6
   d - Shadow Creatures               Summoning                    6
Comestibles
 c - a bread ration
 i - a meat ration
 j - 3 fruits
 l - a chunk of flesh
 o - a beef jerky


   Skills:
 + Level 3.7 Fighting
 + Level 2.9 Axes
 + Level 2.5 Dodging
 - Level 2.0 Spellcasting
 - Level 2.6 Charms


You had 6 spell levels left.
You knew the following spells:

 Your Spells              Type           Power        Failure   Level  Hunger
a - Infusion              Chrm           ###.         1%          1    #......


Dungeon Overview and Level Annotations

Branches:
Dungeon (3/15)

Altars:
Dithmenos
Makhleb
Nemelex Xobeh
Sif Muna
Yredelemnul


Innate Abilities, Weirdness & Mutations

Your plain brown scales are hard (AC +5).
Your body does not fit into most forms of armour.
You are cold-blooded and may be slowed by cold attacks.


Message History

* * * LOW HITPOINT WARNING * * *
You feel sick.
Items here: % ) [ รท a whip of venom; a scale mail; 4 chunks of flesh; an orc skeleton Memorise Regeneration, consuming 3 spell levels and leaving 3?
Your memorisation is interrupted.
* * * LOW HITPOINT WARNING * * *
You feel sick.
Casting: Infusion
Confirm with . or Enter, or press ? or * to list all spells.
Okay, then.
There is a lethal amount of poison in your body!
Memorise Regeneration, consuming 3 spell levels and leaving 3?
You start memorising the spell.
You continue memorising.
Your memorisation is interrupted.
* * * LOW HITPOINT WARNING * * *
You feel sick.
Memorise Regeneration, consuming 3 spell levels and leaving 3?
Your memorisation is interrupted.
You die...

#.####.# #.# #.# #.# #.#
#.# #.# #.# #.# #.# #.#
#.# #.# ######
#######.####.# .....#
#......@.....# .....#
#.#####)###### .....#
#.# #.#..# .....# #.#
#.#..# ######
#.#####)#..# #
#..........#
################.#.#####
.........).............>
.########....###.#.#####


There were no monsters in sight!

Vanquished Creatures
  3 adders
  An ooze (D:1)
  A worm (D:2)
  2 dart slugs (D:1)
  A giant gecko (D:2)
  3 orcs (D:3)
  4 bats
  3 giant cockroaches
  10 goblins
  4 hobgoblins
  7 jackals (D:1)
  A quokka (D:2)
  A ball python (D:2)
  A giant newt (D:3)
  4 kobolds
  6 rats
52 creatures vanquished.

Notes
Turn   | Place    | Note
--------------------------------------------------------------
     0 | D:1      | Kloppie the Draconian Skald began the quest for the Orb.
     0 | D:1      | Reached XP level 1. HP: 17/17 MP: 3/3
   171 | D:1      | Reached XP level 2. HP: 12/25 MP: 5/5
   558 | D:1      | Reached skill level 3 in Fighting
   560 | D:1      | Reached XP level 3. HP: 29/31 MP: 6/6
  1282 | D:2      | Found a deep blue altar of Sif Muna.
  1348 | D:2      | Reached XP level 4. HP: 38/38 MP: 7/7
  1740 | D:3      | Found a shadowy altar of Dithmenos.
  1741 | D:3      | Found a sparkling altar of Nemelex Xobeh.
  1741 | D:3      | Found a basalt altar of Yredelemnul.
  1741 | D:3      | Found a burning altar of Makhleb.
  1945 | D:3      | HP: 2/40 [poisoned by an orc]
  1949 | D:3      | Succumbed to an orc's poison

Skill      XL: |  1  2 |
---------------+-------+-----
Dodging        | 2 |  2.5
Fighting       | 3 |  3.7
Axes           | |  2.9
Spellcasting   | |  2.0
Charms         | |  2.6

Action                   |  1- 3 |  4- 6 || total
-------------------------+-------+-------++-------
Melee: Hand axe          |    86 |    60 ||   146
       Tailslap          |     7 |     4 ||    11
 Cast: Infusion          |     2 |     1 ||     3
  Use: Potion            |       |     4 ||     4
 Stab: Sleeping          |     1 |     1 ||     2
  Eat: Chunk             |     1 |     2 ||     3
Armor: Skin              |    19 |    14 ||    33
Dodge: Dodged            |    74 |    47 ||   121
